AoeStats
← Dicens

Arabia

509544518Analyzed
1v1 RM · 4d ago on Sep 27, 2026· 38m 46s· 2 players
Game mode
Random Map
Map size
Tiny (2 player)
Population
200
Speed
Normal
Resources
Standard
Victory
Conquest
Starting age
Dark Age
Ending age
Imperial Age
RankedLock teamsTeams togetherTeam positionsShared explorationLock speedFull tech treeHidden civsTurbo modeCheats
Victory
Defeat
🇦🇷 Japanese · Argentina
1289
+16
🇲🇽 Spanish · Mexico
1288
-16
Dicens
10:30 Feudal Age
15:00 Castle Age
13:15 Double-Bit Axe
13:45 Horse Collar
14:31 Loom
15:08 Stone Mining
17:03 Fletching
22:57 Town Watch
24:28 Wheelbarrow
25:03 Scale Barding Armor
26:49 Chain Barding Armor
31:51 Bodkin Arrow
38:48 Hand Cart
39:00 Gold Mining
DS_Moustachon
5:24 Loom
5:27 Loom
9:08 Feudal Age
9:44 Double-Bit Axe
9:41 Horse Collar
16:25 Wheelbarrow
20:41 Castle Age
19:40 Fletching
20:01 Bloodlines
21:21 Padded Archer Armor
22:06 Bow Saw
21:48 Gold Mining
22:02 Bodkin Arrow
23:36 Gold Mining
24:41 Ballistics
24:26 Husbandry
28:40 Leather Archer Armor
38:37 Imperial Age
37:38 Hand Cart
39:46 Gold Shaft Mining
Connection lost

Rejoining the realm…

Still unreachable

The connection could not be restored.

Session expired

The server has moved on; the page needs a fresh start.